 Dungeon Crawl Stone Soup version 0.27.1-1-g398f81649c (webtiles) character file.

Game seed: 18229992102425275586

23 Descartes the Ducker (level 2, -5/14 HPs)
             Began as a Spriggan Wanderer on Sept 15, 2021.
             Slain by a gnoll (12 damage)
             ... on level 1 of the Dungeon.
             The game lasted 00:01:57 (1262 turns).

Descartes the Ducker (Spriggan Wanderer)            Turns: 1262, Time: 00:01:58

Health: -5/14      AC:  2    Str:  7    XL:     2   Next: 75%
Magic:  3/3        EV: 19    Int: 14    God:
Gold:   21         SH:  0    Dex: 14    Spells: 1/1 levels left

rFire    . . .     SeeInvis +   a - +2 dagger
rCold    . . .     Faith    .   (shield restricted)
rNeg     . . .     Spirit   .   d - +0 robe
rPois    .         Reflect  .   (helmet restricted)
rElec    .         Harm     .   (no cloak)
rCorr    .         Rampage  .   (gloves unavailable)
Will     .....                  (boots unavailable)
Stlth    ++........             (no amulet)
HPRegen  0.04/turn              (no ring)
MPRegen  0.08/turn              (no ring)

@: very quick
A: very small, no large weapons, unfitting armour, see invisible, speed 3
a: no special abilities


You were on level 1 of the Dungeon.
You visited 1 branch of the dungeon, and saw 1 of its levels.

You collected 21 gold pieces.

Inventory:

Hand Weapons
 a - a +2 dagger (weapon)
 f - a +0 hunting sling
Missiles
 e - 8 boomerangs (quivered)
Armour
 d - a +0 robe (worn)
Scrolls
 g - a scroll of fear {unknown}
Potions
 b - a potion of haste
 c - a potion of attraction {unknown}


   Skills:
 - Level 1.0 Fighting
 + Level 1.1 Short Blades
 - Level 1.3 Polearms
 - Level 1.0 Crossbows
 - Level 1.0 Throwing
 + Level 5.6 Dodging
 * Level 3.4 Stealth


You had one spell level left.
You didn't know any spells.
Your spell library was empty.

Dungeon Overview and Level Annotations

Branches:
Dungeon (1/15)

Altars:


Innate Abilities, Weirdness & Mutations

You are very small and have problems with some larger weapons.
You are too small for most types of armour.
You have supernaturally acute eyesight. (SInv)
You cover ground extremely quickly. (Speed+++)


Message History

The giant cockroach misses you.
You hit the giant cockroach.
You kill the giant cockroach!
No target in view!
No target in view!
No target in view!
No target in view!
No target in view!
No target in view!
g - a scroll labelled REIDOO RAZEMUO A gnoll is nearby!
You barely miss the gnoll. The gnoll misses you.
You hit the gnoll but do no damage. The gnoll hits you with a +0 flail!
Ouch! That really hurt!
You are too injured to fight recklessly!
You are too injured to fight recklessly!
You are too injured to fight recklessly!
You are too injured to fight recklessly!
You are too injured to fight recklessly!
You are too injured to fight recklessly!
You are too injured to fight recklessly!
You are too injured to fight recklessly!
You are too injured to fight recklessly!
You are too injured to fight recklessly!
You are too injured to fight recklessly!
You are too injured to fight recklessly!
You are too injured to fight recklessly!
You are too injured to fight recklessly!
You are too injured to fight recklessly!
You are too injured to fight recklessly!
You are too injured to fight recklessly!
You hit the gnoll but do no damage. The gnoll misses you.
You hit the gnoll.
The gnoll is moderately wounded.
The gnoll closely misses you.
You hit the gnoll.
The gnoll is moderately wounded.
The gnoll hits you with a +0 flail!
Ouch! That really hurt!
You die...

### ## #### #.#
#.###..################## #####.#
#........................ ......#
#..........############.# #####.#
#..##..##.## #.#
###.###..##..##.######## #.#
#......................######.#
#.#.##.#.##..g.................
###.............@.......#####.#.#
....#.##.#.##..##.#.#### #.#.#
....................#########.#.#
###.#.##.#.##..##.#...........#.#
###...............#..#######..#.#
....#..........##.#..## #..#.#
.........#.###.##.#...# #..#.#
....######.###......#.######..#.#
...............................>#


You could see a gnoll.

Vanquished Creatures
  2 bats (D:1)
  4 endoplasms (D:1)
  2 giant cockroaches (D:1)
  3 goblins (D:1)
  2 hobgoblins (D:1)
  A kobold (D:1)
  2 ball pythons (D:1)
  2 frilled lizards (D:1)
  2 rats (D:1)
20 creatures vanquished.

Notes
Turn   | Place    | Note
-------+----------+-------------------------------------------
     0 | D:1      | Descartes the Spriggan Wanderer began the quest for the
                  | Orb.
     0 | D:1      | Descartes set off with the following items: a +2 dagger, a
                  | potion of haste, a +0 spear, a +0 robe
     0 | D:1      | Reached XP level 1. HP: 10/10 MP: 2/2
   292 | D:1      | Reached XP level 2. HP: 14/14 MP: 3/3
   403 | D:1      | Reached skill level 1 in Short Blades
  1262 | D:1      | Slain by a gnoll

Illustrated notes

Levels and vault maps discovered:
D:1:      minmay_arrival_stair_chambers, layout_basic, st_stairs_8

Skill      XL: |  1  2 |
---------------+-------+-----
Stealth        | 2 3 |  3.4
Short Blades   | 1 |  1.1
Fighting       | |  1.0
Polearms       | |  1.3
Crossbows      | |  1.0
Throwing       | |  1.0
Dodging        | |  5.6

Action                   || total
-------------------------++-------
Melee: Dagger            ||    68
 Stab: Sleeping          ||     9
Armor: Robe              ||     7
Dodge: Dodged            ||    42
